 Dungeon Crawl Stone Soup version 0.32-a0-886-g41c5271027 (webtiles) character file.

Game seed: 5731859980311835464

549 Lanoc the Sneak (level 7, -1/54 HPs)
             Began as a Coglin Brigand on Apr 3, 2024.
             Slain by an orc priest
             ... wielding a +0 trident
              (5 damage)
             ... on level 5 of the Dungeon.
             The game lasted 00:06:14 (3534 turns).

Lanoc the Sneak (Coglin Brigand)                    Turns: 3534, Time: 00:06:14

Health: -1/54      AC:  4    Str: 12    XL:     7   Next: 28%
Magic:  7/7        EV: 12    Int: 10    God:
Gold:   120        SH:  0    Dex: 17    Spells: 6/6 levels left

rFire   . . .        a - +2 dagger {Imanvir}
rCold   . . .        h - +4 rapier {Yeongsuk}
rNeg    . . .        b - +0 robe
rPois   .            m - +1 hat
rElec   .            c - +0 cloak
rCorr   .            (no gloves)
SInv    .            (no boots)
Will    .....        (amulet unavailable)
Stlth   +++          (ring unavailable)
HPRegen 0.29/turn    (ring unavailable)
MPRegen 0.10/turn    (no gizmo)

%: no passive effects
@: revved
A: off-hand wielding, slow wielding, warmup strikes, no jewellery
a: Invent Gizmo, Convert to Beogh


You were on level 5 of the Dungeon.
You visited 1 branch of the dungeon, and saw 5 of its levels.
You also visited: Sewer.

You collected 120 gold pieces.

Inventory:

Hand Weapons
 a - a +2 dagger (weapon) {Imanvir}
 h - a +4 rapier (offhand) {Yeongsuk}
Missiles
 d - 13 poisoned darts (quivered)
 e - 3 curare-tipped darts
Armour
 b - a +0 robe (worn)
 c - a +0 cloak (worn)
 m - a +1 hat (worn)
Wands
 r - a wand of charming (5)
Scrolls
 f - 2 scrolls of fear {unknown}
 g - 3 scrolls of identify
 i - 6 scrolls of blinking
 j - 2 scrolls of teleportation
 n - 2 scrolls of vulnerability
 q - a scroll of revelation
 s - a scroll of amnesia
 v - a scroll of enchant armour {unknown}
Potions
 k - a potion of resistance
 l - a potion of heal wounds {unknown}
 o - a potion of lignification
 p - a potion of enlightenment
 t - a potion of might {unknown}
 u - a potion of mutation {unknown}
 w - a potion of brilliance {unknown}


   Skills:
 + Level 4.2 Fighting
 + Level 3.8 Short Blades
 - Level 1.7 Throwing
 + Level 3.3 Dodging
 + Level 4.7 Stealth


You had 6 spell levels left.
You didn't know any spells.
Your spell library contained the following spells:

 Spells                   Type           Power      Damage    Failure   Level
 Slow                     Hex            0%         N/A       36%         1
 Call Imp                 Summ           0%         N/A       50%         2
 Sublimation of Blood     Necr           0%         N/A       50%         2
 Confusing Touch          Hex            0%         N/A       75%         3
 Vampiric Draining        Necr           0%         2d6       75%         3
 Summon Hydra             Summ           0%         N/A       100%        7


Dungeon Overview and Level Annotations

Branches:
Dungeon (5/15)              Sewer (visited)
 Temple: D:4-7

Altars:


Innate Abilities, Weirdness & Mutations

You can wield a second weapon in your off-hand.
It takes a long time for you to wield or remove held weapons.
Your first few attacks do less damage.
You cannot equip rings or amulets.


Message History

You hear some strange, mumbled words.
A magic dart appears from out of thin air!
The magic dart hits you!
The orc priest invokes the aid of Beogh against you.
Something writhes in agony!
Reactivating autopickup.
You feel a bit more experienced.
The orc priest shouts, "Surrender to Beogh and we'll let you live!"
The orc priest hits you with a +0 trident.
* * * LOW HITPOINT WARNING * * *
The dart slug misses you.
Items here: )) [[ รท.
You hit the orc priest with your +4 rapier.
The orc priest is moderately wounded.
You hit the orc priest but do no damage.
The orc priest shouts, "The Pantheon deserves no one's loyalty.
Let us show you the true path!"
The orc priest shouts, "Beogh offers mercy even to people such as you.
Join us and be reborn!"
The orc priest hits you but does no damage.
The dart slug launches a dart at you. The slug dart hits you.
* * * LOW HITPOINT WARNING * * *
You hit the orc priest with your +4 rapier.
The orc priest is severely wounded.
You hit the orc priest with your +2 dagger.
The orc priest miscasts a cantrip.
You completely miss the orc priest with your +4 rapier.
The orc priest is almost dead.
You completely miss the orc priest with your +2 dagger.
The orc priest invokes the aid of Beogh against you.
Beogh smites you!
* * * LOW HITPOINT WARNING * * *
The dart slug completely misses you.
Okay, then.
You closely miss the orc priest with your +4 rapier.
The orc priest shouts, "Beogh offers mercy even to people such as you.
Join us and be reborn!"
The orc priest is almost dead.
You barely miss the orc priest with your +2 dagger.
The orc priest shouts, "Surrender to Beogh and we'll let you live!"
The orc priest hits you with a +0 trident.
You die...

########## #.!......#
#........# #........###
##..........# #...>..wo...#
####.######@#############
...........)......>.....#
.###########.###############.#
..~~~~~~~~~..# #....#
..~~~~.~~~~..# ##.#.##
..~~~~~~~~~.## #.##..#
.############ #. ##.# # ##.###
#.....


You could see an orc priest and a dart slug.

Vanquished Creatures
  2 brain worms (Sewer)
  A hound (D:4)
  2 orc priests (D:4)
  A gnoll bouda (D:4)
  An orc wizard (D:5)
  A sleepcap (D:4)
  Jessica (D:2)
  3 gnolls (D:4)
  8 adders
  6 dart slugs
  2 ribbon worms
  7 orcs
  14 ball pythons
  7 bats
  5 endoplasms
  9 giant cockroaches
  5 goblins
  3 hobgoblins
  4 quokkas
  13 frilled lizards
  4 kobolds (D:1)
  4 rats
103 creatures vanquished.

Vanquished Creatures (others)
  An orc wizard (D:5)
1 creature vanquished.

Grand Total: 104 creatures vanquished

Notes
Turn   | Place    | Note
-------+----------+-------------------------------------------
     0 | D:1      | Lanoc the Coglin Brigand began the quest for the Orb.
     0 | D:1      | Reached XP level 1. HP: 16/16 MP: 1/1
    54 | D:1      | Reached skill level 1 in Dodging
   127 | D:1      | Reached XP level 2. HP: 22/22 MP: 2/2
   521 | D:1      | Reached XP level 3. HP: 16/28 MP: 3/3
  1089 | D:2      | Noticed Jessica
  1089 | D:2      | Found the Hermit's Pendant {Faith Invo=14 Evo=0 MP+5}
  1098 | D:2      | Killed Jessica
  1099 | D:2      | Reached XP level 4. HP: 27/34 MP: 4/4
  1759 | D:3      | Reached XP level 5. HP: 28/41 MP: 5/5
  2434 | D:4      | Reached XP level 6. HP: 29/47 MP: 6/6
  2941 | D:5      | Entered Level 5 of the Dungeon
  3004 | D:5      | Found a glowing drain.
  3025 | Sewer    | Entered a sewer
  3118 | Sewer    | Reached XP level 7. HP: 46/54 MP: 5/7
  3534 | D:5      | Slain by an orc priest

Illustrated notes

Levels and vault maps discovered:
D:1:      dpeg_arrival_shelter, layout_loops_corners, st_stairs_9
D:2:      layout_basic, uniq_jessica
D:3:      cheibrodos_helix_gallery, layout_basic
D:4:      layout_rooms, serial_park_tiny_1
D:5:      minmay_angry_zag, layout_basic, portal_sewer_entry_f

Skill      XL: |  1  2  3  4  5  6 |
---------------+-------------------+-----
Dodging        | 1 2 3 |  3.3
Short Blades   | 2 3 |  3.8
Fighting       | 3 4 |  4.2
Stealth        | 4 |  4.7
Throwing       | |  1.7

Action                     |  1- 3 |  4- 6 |  7- 9 || total
---------------------------+-------+-------+-------++-------
  Melee: Dagger            |    57 |   102 |    31 ||   190
         Rapier            |    38 |   112 |    38 ||   188
    Use: Scroll            |       |     8 |       ||     8
         Potion            |       |     2 |       ||     2
   Stab: Sleeping          |     7 |     7 |       ||    14
         Distracted        |     2 |       |       ||     2
         Invisible         |       |     6 |       ||     6
 Armour: Robe              |    26 |    53 |    33 ||   112
  Dodge: Dodged            |    19 |    71 |    16 ||   106

Table legend: (Time is in decaauts)
 A = Elapsed time spent in this place.
 B = Non-inter-level travel time spent in this place.
 C = Inter-level travel time spent in this place.
 D = Time resting spent in this place.
 E = Time spent auto-exploring this place.
 F = Levels seen in this place.
 G = Mean time per level.
                   A        B        C        D        E       F      G
               +--------+--------+--------+--------+--------+-----+--------+
         Total |   3573 |   3476 |     97 |      0 |   2723 |   6 |  595.5 |
       Dungeon |   3056 |   2959 |     97 |      0 |   2366 |   5 |  611.2 |
         Sewer |    516 |    516 |      0 |      0 |    357 |   1 |  516.0 |
               +--------+--------+--------+--------+--------+-----+--------+

Top non-repeatable levels by time:
     D:1: 858 daAuts
     D:3: 760 daAuts
     D:4: 704 daAuts
     D:2: 612 daAuts
   Sewer: 516 daAuts
     D:5: 120 daAuts
